 Dungeon Sprint DCSS version 0.26.1-11-gd32895ea62 (webtiles) character file.

Game seed: 14278681044648584767

248 Zeld the Blocker (level 6, 0/47 HPs)
             Began as a Formicid Berserker on June 6, 2021.
             Was a Priest of Trog.
             Slain by a smoke demon (3 damage)
             ... in the Dungeon (Sprint V: "Ziggurat Sprint").
             The game lasted 00:01:21 (392 turns).

Zeld the Blocker (Formicid Berserker)                Turns: 392, Time: 00:01:21

Health: 0/47       AC: 24    Str: 35    XL:     6   Next: 34%
Magic:  6/6        EV:  5    Int:  7    God:    Trog [***...]
Gold:   0          SH: 23    Dex: 10    Spells: 5/5 levels left

rFire    . . .     SeeInvis +   g - +5 executioner's axe
rCold    . . .     Faith    .   f - +3 tower shield
rNeg     . . .     Spirit   .   e - +9 crystal plate armour
rPois    .         Reflect  .   (helmet unavailable)
rElec    .         Harm     .   (no cloak)
rCorr    .         Rampage  .   (no gloves)
Will     .....                  (no boots)
Stlth    ..........             (no amulet)
HPRegen  0.15/turn              t - +6 ring of strength
MPRegen  0.10/turn              u - +6 ring of strength

@: mighty
A: permanent stasis, dig shafts and tunnels, four strong arms, antennae 3
a: Dig, Renounce Religion, Trog's Hand


You were in the Dungeon.
You worshipped Trog.
Trog was most pleased with you.
You visited 1 branch

Inventory:

Hand Weapons
 g - a +5 executioner's axe (weapon)
Armour
 e - a +9 crystal plate armour (worn)
 f - a +3 tower shield (worn)
Jewellery
 t - a +6 ring of strength (left hand)
 u - a +6 ring of strength (right hand)
Wands
 q - a wand of disintegration (7)
 r - a wand of iceblast (7)
 s - a wand of acid (7)
Scrolls
 i - a scroll of holy word
 j - 5 scrolls of identify
 k - 5 scrolls of remove curse
 l - 2 scrolls of fear
Potions
 b - 10 potions of curing
 c - 10 potions of heal wounds
 d - 7 potions of magic
 m - 2 potions of invisibility
 n - 4 potions of resistance
 p - 4 potions of might
Miscellaneous
 v - a lightning rod (4/4)


   Skills:
 - Level 3.2 Fighting
 * Level 9.1 Axes
 - Level 2.1 Armour
 - Level 1.7 Dodging
 * Level 10.7 Shields
 - Level 3.0 Unarmed Combat


You had 5 spell levels left.
You didn't know any spells.
Your spell library was empty.

Dungeon Overview and Level Annotations

Branches:
Dungeon (1/1)

Altars:
Ashenzari
Cheibriados
Dithmenos
Elyvilon
Fedhas
Gozag
Hepliaklqana
Kikubaaqudgha
Makhleb
Nemelex Xobeh
Okawaru
Qazlal
Ru
Sif Muna
Trog
Uskayaw
Vehumet
Wu Jian
Xom
Yredelemnul
Zin
The Shining One
Beogh
Jiyva
Lugonu

Annotations:
D 1 transporter


Innate Abilities, Weirdness & Mutations

You cannot be hasted, slowed, berserked, paralysed or teleported.
You can dig through walls and to a lower floor.
Your four strong arms can wield two-handed weapons with a shield.
You have a pair of large antennae on your head. (SInv)


Message History

You block the ufetubus's attack. x3
The ufetubus hits you but does no damage.
The smoke demon barely misses you.
The smoke demon hits you but does no damage. x2
The ufetubus barely misses you.
The ufetubus hits you but does no damage.
The smoke demon hits you but does no damage. x2
You block the smoke demon's attack.
Press: ? - help, v - describe, . - travel
Here: a smoke demon (lightly wounded)
The floor.
You slice the smoke demon!!
The smoke demon is almost dead.
You closely miss the ufetubus.
You are covered in liquid flames!
* * * LOW HITPOINT WARNING * * *
You block the ufetubus's attack.
The ufetubus hits you but does no damage.
You block the ufetubus's attack. x2; The smoke demon hits you.
You die...

▓▓▓▓▓▓▓▓▓▓▓▓▓▓▓▓▓▓▓
▓.8©8.▓.8©8.▓.8©8.▓
▓.==[.▓.[):.▓.....▓
▓..)..▓.....▓.[.?.▓
▓.....▓.))|.▓.††..▓
▓.5.3.▓.....▓.....▓
▓..@..▓.....▓..©..▓
▓..©..▓..©..▓▓▓▓▓▓▓
▓▓▓▓▓▓▓▓▓▓▓▓▓ {{{
{{{ { { {


You could see a smoke demon and an ufetubus.

Vanquished Creatures
  A small abomination (D)
  A quasit (D)
  An orc priest (D)
  2 orc wizards (D)
  2 ball pythons (D)
7 creatures vanquished.

Notes
Turn   | Place    | Note
-------+----------+-------------------------------------------
     0 | D        | Zeld the Formicid Berserker began the quest for the Orb.
     0 | D        | Reached XP level 1. HP: 18/18 MP: 1/1
     3 | D        | Found a blossoming altar of Fedhas.
     4 | D        | Found the +6 Majin-Bo {vamp, MP+6 Int+6}
     4 | D        | Found the +9 heavy crossbow "Sniper" {vorpal, Acc+∞ SInv}
     4 | D        | Found the +10 dark maul {vorpal}
     4 | D        | Found the +15 Maxwell's patent armour {-Cast -Tele rElec
                  | Will+ rCorr}
     4 | D        | Found the +18 shield of the Gong {rElec rN+ Will+ EV-5}
     4 | D        | Found the cursed +14 obsidian axe {vorpal, +Fly SInv
                  | *Curse}
     4 | D        | Found the +7 great mace "Firestarter" {inner flame, rF++}
     4 | D        | Found the +6 shillelagh "Devastator" {shatter}
     4 | D        | Found the +11 plutonium sword {*Contam Stlth-}
     4 | D        | Found the +8 lance "Wyrmbane" {slay drac, rPois rF+ rC+
                  | AC+3}
     4 | D        | Found the +9 sword of Zonguldrok {reap}
     4 | D        | Found the cursed +13 scythe of Curses {drain, *Curse}
     4 | D        | Found the +5 sword of Power {vorpal}
     4 | D        | Found the +7 mace of Variability {chain chaos}
     4 | D        | Found the +7 Singing Sword {vorpal, sonic wave}
     4 | D        | Found the +8 storm bow {elec, penet}
     5 | D        | Found a viscous altar of Jiyva.
     5 | D        | Found a hazy altar of Hepliaklqana.
     5 | D        | Found a transporter.
     5 | D        | Found an opulent altar of Gozag.
     5 | D        | Found an ancient bone altar of Kikubaaqudgha.
     5 | D        | Found a corrupted altar of Lugonu.
    10 | D        | Found a burning altar of Makhleb.
    11 | D        | Found a stormy altar of Qazlal.
    11 | D        | Found a sacrificial altar of Ru.
    11 | D        | Found an iron altar of Okawaru.
    11 | D        | Found a shimmering blue altar of Sif Muna.
    11 | D        | Found a sparkling altar of Nemelex Xobeh.
    11 | D        | Found a bloodstained altar of Trog.
    43 | D        | Reached skill level 5 in Axes
    43 | D        | Reached skill level 6 in Shields
    43 | D        | Reached XP level 2. HP: 24/24 MP: 2/2
   160 | D        | Entered arena 2.
   160 | D        | Found a transporter.
   267 | D        | Entered arena 3.
   267 | D        | Found a transporter.
   271 | D        | Reached ** piety under Trog
   272 | D        | Reached skill level 7 in Shields
   272 | D        | Reached XP level 3. HP: 29/29 MP: 3/3
   274 | D        | Reached XP level 4. HP: 35/35 MP: 4/4
   275 | D        | Reached skill level 8 in Shields
   382 | D        | Entered arena 4.
   382 | D        | Noticed a small abomination
   382 | D        | Noticed a smoke demon
   382 | D        | Found a transporter.
   387 | D        | Killed a small abomination
   387 | D        | Reached *** piety under Trog
   388 | D        | Reached skill level 10 in Shields
   388 | D        | Reached XP level 5. HP: 38/41 MP: 5/5
   388 | D        | Reached XP level 6. HP: 43/47 MP: 6/6
   392 | D        | HP: 2/47 [burnt (2)]
   392 | D        | Slain by a smoke demon

Illustrated notes

Levels and vault maps discovered:
D:        sprint_v [room_start, room_1, room_2, room_3, room_4, room_5, room_6,
          room_7, room_8, room_9, room_10, room_11, room_12, room_13, room_14,
          room_15, room_16, room_17, room_18, room_19, room_20, room_21,
          room_22, room_23, room_24, room_25, room_26, room_27]

Skill      XL: |  1  2  3  4  5  6 |
---------------+-------------------+-----
Axes           | 5 6 8 9 |  9.1
Shields        | 6 7 10 | 10.7
Fighting       | |  3.2
Armour         | |  2.1
Dodging        | |  1.7
Unarmed Combat | |  3.0

Action                   |  1- 3 |  4- 6 || total
-------------------------+-------+-------++-------
Melee: Executioner's axe |     7 |     9 ||    16
  Use: Potion            |     1 |     1 ||     2
       Scroll            |     5 |       ||     5
Armor: Crystal plate arm |     6 |    41 ||    47
Dodge: Dodged            |     1 |    19 ||    20
Block: Tower shield      |    12 |    36 ||    48
